 Dungeon Crawl Stone Soup version 0.28-a0-649-g2b6bb2fd11 (webtiles) character file.

Game seed: 3390911884164407498

201 Gargoyl the Skirmisher (level 5, -4/47 HPs)
             Began as a Gnoll Abyssal Knight on Oct 11, 2021.
             Was a Believer of Lugonu.
             Slain by an ogre (24 damage)
             ... on level 4 of the Dungeon.
             The game lasted 00:03:37 (2649 turns).

Gargoyl the Skirmisher (Gnoll Abyssal Knight)       Turns: 2649, Time: 00:03:37

Health: -4/47      AC: 11    Str: 14    XL:     5   Next: 79%
Magic:  8/8        EV: 10    Int:  9    God:    Lugonu [**....]
Gold:   137        SH:  5    Dex: 15    Spells: 7/7 levels left

rFire   . . .      SeeInvis .   a - +1 hand axe
rCold   . . .      Faith    .   (no shield)
rNeg    . . .      Spirit   .   d - +1 scale mail
rPois   .          Reflect  +   (no helmet)
rElec   .          Harm     .   (no cloak)
rCorr   .          Rampage  .   g - +0 pair of fencer's gloves {Riposte Dex+3}
Will    .....                   e - +1 pair of boots
Stlth   +.........              h - amulet of reflection
HPRegen 0.15/turn               j - +4 ring of slaying
MPRegen 0.11/turn               (no ring)

@: no status effects
A: fangs 1, strong nose, distributed training
a: Renounce Religion, Depart the Abyss, Bend Space


You were on level 4 of the Dungeon.
You worshipped Lugonu.
Lugonu was pleased with you.
You visited 1 branch of the dungeon, and saw 4 of its levels.
You visited the Abyss 1 time.

You collected 137 gold pieces.

Inventory:

Hand Weapons
 a - a +1 hand axe (weapon)
Missiles
 c - 15 poisoned darts (quivered)
Armour
 d - a +1 scale mail (worn)
 e - a +1 pair of boots (worn)
 g - the +0 pair of fencer's gloves (worn) {Riposte Dex+3}
   (You acquired it on level 2 of the Dungeon)

   It allows the wearer to riposte with melee weapons, swiftly retaliating
   against missed attacks.
   Dex:       It affects your dexterity (+3).
Jewellery
 h - an amulet of reflection (around neck)
 j - a +4 ring of slaying (left hand)
 m - a +4 ring of protection
Wands
 k - a wand of digging (5)
Scrolls
 b - a scroll of teleportation
 i - a scroll of torment {unknown}
 l - 2 scrolls of identify
Potions
 f - a potion of might


   Skills:
 + Level 6.7 Fighting
 + Level 1.6 Short Blades
 + Level 1.6 Long Blades
 + Level 4.8 Axes
 + Level 1.6 Maces & Flails
 + Level 1.6 Polearms
 + Level 1.6 Staves
 + Level 1.6 Slings
 + Level 1.6 Bows
 + Level 1.6 Crossbows
 + Level 1.6 Throwing
 + Level 4.8 Armour
 + Level 3.0 Dodging
 + Level 1.6 Stealth
 + Level 1.6 Shields
 + Level 1.6 Unarmed Combat
 + Level 1.6 Spellcasting
 + Level 1.3 Conjurations
 + Level 1.3 Hexes
 + Level 1.3 Summonings
 + Level 1.3 Necromancy
 + Level 1.3 Translocations
 + Level 1.3 Transmutations
 + Level 1.3 Fire Magic
 + Level 1.3 Ice Magic
 + Level 1.3 Air Magic
 + Level 1.3 Earth Magic
 + Level 1.3 Poison Magic
 + Level 4.9 Invocations
 + Level 1.6 Evocations


You had 7 spell levels left.
You didn't know any spells.
Your spell library contained the following spells:

 Spells                   Type           Power      Damage    Failure   Level
 Static Discharge         Conj/Air       3%         N/A       75%         2
 Tukima's Dance           Hex            3%         N/A       93%         3
 Dispel Undead            Necr           3%         3d7       100%        4
 Passage of Golubria      Tloc           N/A        N/A       100%        4
 Sticky Flame             Conj/Fire      3%         2d3       100%        4
 Yara's Violent Unravell  Hex/Tmut       1%         3d3       100%        5
 Borgnjor's Revivificati  Necr           1%         N/A       100%        8
 Necromutation            Tmut/Necr      1%         N/A       100%        8
 Death's Door             Necr           1%         N/A       100%        9


Dungeon Overview and Level Annotations

Branches:
Dungeon (4/15)
 Temple: D:4-7

Altars:
Uskayaw

Shops:
D:3 [


Innate Abilities, Weirdness & Mutations

You have very sharp teeth.
Your uncanny sense of smell can sniff out nearby items.
Your experience applies equally to all skills.


Message History

The adder is almost dead.
The adder bites you but does no damage.
The orc priest mumbles some strange prayers to Beogh against you.
Beogh smites you!
You hit the adder.
You kill the adder!
Lugonu accepts your kill.
The orc priest miscasts a cantrip.
You block the goblin's attack.
Unknown command.
You hit the goblin.
The goblin is heavily wounded.
You block the goblin's attack.
Unknown command.
You slash the goblin!
You kill the goblin!
Lugonu accepts your kill.
You hit the orc.
You kill the orc!
Lugonu accepts your kill.
You hit the ogre.
The ogre is lightly wounded.
The ogre closely misses you.
You riposte.
You hit the ogre.
The ogre is moderately wounded.
You hit the ogre.
The ogre is moderately wounded.
The ogre closely misses you.
You hit the ogre.
The ogre is heavily wounded.
The ogre hits you but does no damage.
You hit the ogre. You bite the ogre.
The ogre is severely wounded.
The ogre hits you with a +0 giant club!
* * * LOW HITPOINT WARNING * * *
Okay, then.
The orc priest looks encouraged for a moment.
It was a potion of curing.
You feel better.
The ogre hits you with a +0 giant club!!
Ouch! That really hurt!
You die...

.##..(....)....#
#.#
#............###.#
#.#
##............#
#.# #.#
...........### #.#
#.# #.......#..##
#.# #.#
#.###..##...#...#
#.# #.#
[.............#
#.# #.#
##..######.#.#
#.###.#
#...)o.O@..#.#
#...#.#
#...########.#
###.#.#
...........# #.#
#.....#
P...#...##.# #.#
#.#.### P....:..#
# #.# #.#.#
=.).#.[.. #.#
#.#.# ....#....
#.# #.#.# ...
..... #.#.# #.
....... #.#.#


You could see an ogre and an orc priest.

Vanquished Creatures
  An ogre (D:4)
  3 adders
  3 worms (D:2)
  A dart slug (D:3)
  4 orcs
  5 ball pythons
  6 endoplasms
  5 giant cockroaches
  4 goblins
  6 hobgoblins
  4 jackals (D:2)
  A quokka (D:2)
  5 bats
  4 frilled lizards
  9 kobolds
  A quokka skeleton (D:4)
  5 rats
67 creatures vanquished.

Vanquished Creatures (others)
  7 plants (D:3)
7 creatures vanquished.

Grand Total: 74 creatures vanquished

Notes
Turn   | Place    | Note
-------+----------+-------------------------------------------
     0 | Abyss:1  | Gargoyl the Gnoll Abyssal Knight began the quest for the
                  | Orb.
     0 | Abyss:1  | Reached XP level 1. HP: 23/23 MP: 3/3
    81 | Abyss:3  | Noticed a ynoxinul
    84 | D:1      | Escaped the Abyss
   346 | D:1      | Reached XP level 2. HP: 26/29 MP: 5/5
   671 | D:1      | Reached * piety under Lugonu
   803 | D:2      | Identified a scroll of acquirement
   803 | D:2      | Acquired the +0 pair of fencer's gloves {Riposte Dex+3}
   803 | D:2      | Found the +0 pair of fencer's gloves {Riposte Dex+3}
  1116 | D:2      | Reached XP level 3. HP: 32/35 MP: 6/6
  1280 | D:2      | Found a faded altar of an unknown god.
  1505 | D:2      | Reached skill level 1 in Short Blades
  1505 | D:2      | Reached skill level 1 in Long Blades
  1505 | D:2      | Reached skill level 1 in Maces & Flails
  1505 | D:2      | Reached skill level 1 in Polearms
  1505 | D:2      | Reached skill level 1 in Staves
  1505 | D:2      | Reached skill level 1 in Slings
  1505 | D:2      | Reached skill level 1 in Bows
  1505 | D:2      | Reached skill level 1 in Crossbows
  1505 | D:2      | Reached skill level 1 in Throwing
  1505 | D:2      | Reached skill level 1 in Stealth
  1505 | D:2      | Reached skill level 1 in Shields
  1505 | D:2      | Reached skill level 1 in Unarmed Combat
  1505 | D:2      | Reached skill level 1 in Spellcasting
  1505 | D:2      | Reached skill level 1 in Evocations
  1591 | D:3      | Reached XP level 4. HP: 41/41 MP: 7/7
  1593 | D:3      | Reached ** piety under Lugonu
  2055 | D:3      | Found Otushia's Antique Armour Shoppe.
  2062 | D:3      | Reached skill level 1 in Conjurations
  2062 | D:3      | Reached skill level 1 in Hexes
  2062 | D:3      | Reached skill level 1 in Summonings
  2062 | D:3      | Reached skill level 1 in Necromancy
  2062 | D:3      | Reached skill level 1 in Translocations
  2062 | D:3      | Reached skill level 1 in Transmutations
  2062 | D:3      | Reached skill level 1 in Fire Magic
  2062 | D:3      | Reached skill level 1 in Ice Magic
  2062 | D:3      | Reached skill level 1 in Air Magic
  2062 | D:3      | Reached skill level 1 in Earth Magic
  2062 | D:3      | Reached skill level 1 in Poison Magic
  2160 | D:3      | Found a hide-covered altar of Uskayaw.
  2322 | D:4      | Noticed an ogre
  2337 | D:4      | Killed an ogre
  2338 | D:4      | Reached XP level 5. HP: 15/47 MP: 8/8
  2629 | D:4      | Noticed an ogre
  2649 | D:4      | Slain by an ogre

Illustrated notes

Levels and vault maps discovered:
D:1:      dpeg_arrival_chambers_temple_mockup, layout_loops_ring, serial_glass,
          glass_columns_c, glass_columns_a
D:2:      layout_rooms, hellmonk_ecumenical_altar_blasted
D:3:      layout_basic, lemuel_round_altar, serial_shops, shop,
          serial_bayou_pond_c, minivault_24
D:4:      minmay_angry_zag, layout_loops_ring, serial_shops,
          nicolae_shop_overgrown_old_shop, minivault_26

Skill      XL: |  1  2  3  4 |
---------------+-------------+-----
Short Blades   | 1 |  1.6
Long Blades    | 1 |  1.6
Maces & Flails | 1 |  1.6
Polearms       | 1 |  1.6
Staves         | 1 |  1.6
Slings         | 1 |  1.6
Bows           | 1 |  1.6
Crossbows      | 1 |  1.6
Throwing       | 1 |  1.6
Stealth        | 1 |  1.6
Shields        | 1 |  1.6
Unarmed Combat | 1 |  1.6
Spellcasting   | 1 |  1.6
Evocations     | 1 |  1.6
Conjurations   | 1 |  1.3
Hexes          | 1 |  1.3
Summonings     | 1 |  1.3
Necromancy     | 1 |  1.3
Translocations | 1 |  1.3
Transmutations | 1 |  1.3
Fire Magic     | 1 |  1.3
Ice Magic      | 1 |  1.3
Air Magic      | 1 |  1.3
Earth Magic    | 1 |  1.3
Poison Magic   | 1 |  1.3
Dodging        | 3 |  3.0
Fighting       | |  6.7
Axes           | |  4.8
Armour         | |  4.8
Invocations    | |  4.9

Action                   |  1- 3 |  4- 6 || total
-------------------------+-------+-------++-------
Melee: Hand axe          |    82 |    53 ||   135
       Bite              |     7 |     5 ||    12
Throw: Dart              |       |     3 ||     3
Invok: Depart the Abyss  |     1 |       ||     1
  Use: Scroll            |     7 |       ||     7
       Potion            |       |     1 ||     1
Armor: Scale mail        |    44 |    18 ||    62
Dodge: Dodged            |    49 |    17 ||    66
Block: Other             |    13 |     9 ||    22
       Reflection        |     2 |     2 ||     4
       Rpst.: Hand axe   |    11 |     8 ||    19

Table legend: (Time is in decaauts)
 A = Elapsed time spent in this place.
 B = Non-inter-level travel time spent in this place.
 C = Inter-level travel time spent in this place.
 D = Time resting spent in this place.
 E = Time spent auto-exploring this place.
 F = Levels seen in this place.
 G = Mean time per level.
                   A        B        C        D        E       F      G
               +--------+--------+--------+--------+--------+-----+--------+
         Total |   2665 |   2623 |     42 |    204 |   1815 |   7 |  380.7 |
       Dungeon |   2581 |   2539 |     42 |    204 |   1791 |   4 |  645.2 |
         Abyss |     83 |     83 |      0 |      0 |     24 |   3 |   27.7 |
               +--------+--------+--------+--------+--------+-----+--------+

Top non-repeatable levels by time:
     D:2: 771 daAuts
     D:3: 763 daAuts
     D:1: 718 daAuts
     D:4: 328 daAuts
 Abyss:2: 37 daAuts
 Abyss:1: 35 daAuts
 Abyss:3: 10 daAuts
